 Dungeon Crawl Stone Soup version 0.28-a0-1347-g113dc556a4 (webtiles) character file.

Game seed: 9396078920034889117

462 fragbeetle the Skirmisher (level 6, -2/52 HPs)
             Began as a Palentonga Berserker on Dec 30, 2021.
             Was a Believer of Trog.
             Slain by a black bear (6 damage)
             ... on level 5 of the Dungeon.
             The game lasted 00:10:01 (3841 turns).

fragbeetle the Skirmisher (Palentonga Berserker)    Turns: 3841, Time: 00:10:02

Health: -2/52      AC: 18    Str: 22    XL:     6   Next: 79%
Magic:  6/6        EV:  6    Int:  7    God:    Trog [**....]
Gold:   165        SH:  0    Dex: 10    Spells: 5/5 levels left

rFire   . . .      SeeInvis +   a - +0 morningstar (protect)
rCold   . . .      Faith    .   (no shield)
rNeg    . . .      Spirit   .   x - +0 chain mail
rPois   +          Reflect  .   (no helmet)
rElec   .          Harm     .   d - +1 cloak {rPois}
rCorr   .          Rampage  .   e - +0 pair of gloves
Will    .....                   (no barding)
Stlth   ..........              (no amulet)
HPRegen 0.17/turn               (no ring)
MPRegen 0.10/turn               (no ring)

@: under a protective aura
A: large, rugged brown scales 3, see invisible, deformed body, roll 1, armoured
tail
a: Rolling Charge, Renounce Religion, Berserk, Trog's Hand


You were on level 5 of the Dungeon.
You worshipped Trog.
Trog was pleased with you.
You visited 1 branch of the dungeon, and saw 5 of its levels.

You collected 165 gold pieces.

Inventory:

Hand Weapons
 a - a +0 morningstar of protection (weapon)
 b - a +0 hunting sling
 c - a +0 hand axe
 t - a +0 mace of holy wrath
Missiles
 i - 15 arrows
 k - 48 stones
Armour
 d - a +1 cloak of poison resistance (worn)
 e - a +0 pair of gloves (worn)
 l - a +0 ring mail
 x - a +0 chain mail (worn)
Jewellery
 g - a ring of ice
Wands
 y - a wand of paralysis (5)
Scrolls
 f - 5 scrolls of identify {unknown}
 h - a scroll of enchant armour {unknown}
 m - a scroll of summoning {unknown}
 n - a scroll of amnesia {unknown}
 q - a scroll of fear {unknown}
 u - a scroll of torment {unknown}
 v - a scroll of noise {unknown}
 z - a scroll of magic mapping {unknown}
Potions
 j - a potion of brilliance {unknown}
 o - a potion of flight {unknown}
 p - a potion of attraction {unknown}
 r - 3 potions of heal wounds {unknown}
 s - a potion of curing {unknown}
 w - a potion of resistance


   Skills:
 + Level 4.5 Fighting
 - Level 3.3(3.8) Axes
 + Level 2.9(3.6) Maces & Flails
 + Level 3.3 Armour
 + Level 3.3 Dodging


You had 5 spell levels left.
You didn't know any spells.
Your spell library was empty.

Dungeon Overview and Level Annotations

Branches:
Dungeon (5/15)
 Temple: D:4-7

Altars:
Ashenzari
Elyvilon
Hepliaklqana
Kikubaaqudgha
Nemelex Xobeh
Uskayaw
Vehumet
Zin

Shops:
D:2 (


Innate Abilities, Weirdness & Mutations

You are completely covered in rugged brown scales. (AC +3, +7% HP)
You have supernaturally acute eyesight. (SInv)
Armour fits poorly on your strangely shaped body.
You can roll at nearby foes to attack.
You have a long armoured tail.


Message History

You closely miss the black bear.
Your tail-slap misses the black bear.
The black bear is almost dead.
The black bear bites you.
The black bear claws you but does no damage.
The black bear claws you.
You barely miss the black bear.
You tail-slap the black bear, but do no damage.
The black bear is almost dead.
The black bear bites you.
The black bear claws you but does no damage. x2
The black bear bites you but does no damage.
The black bear claws you but does no damage. x2
The black bear bites you but does no damage.
The black bear claws you but does no damage. x2
You hit the black bear.
The black bear is almost dead.
The black bear bites you but does no damage.
The black bear claws you but does no damage. x2
The black bear bites you. The black bear barely misses you. x2
You hit the black bear but do no damage.
The black bear is almost dead.
The black bear bites you!
* * * LOW HITPOINT WARNING * * *
The black bear claws you but does no damage. x2
The black bear bites you but does no damage.
The black bear claws you but does no damage. x2
You closely miss the black bear.
Your tail-slap misses the black bear.
The black bear is almost dead.
The black bear bites you.
* * * LOW HITPOINT WARNING * * *
The black bear claws you but does no damage. x2
The black bear bites you but does no damage.
The black bear barely misses you.
The black bear claws you but does no damage.
You closely miss the black bear.
The black bear is almost dead.
The black bear bites you.
* * * LOW HITPOINT WARNING * * *
The black bear closely misses you. The black bear claws you.
You die...

### .. . .. ###.#
.###... ##.#.. #...# #
....# #...##### ..#
....# #..h#...#...#
##....## ##.#@...)#
##......###...###...##
#........######..####
.≈≈.P♣♣♣..≈≈##..##
.≈≈...P..P≈≈...##
..PP♣♣.♣♣PP...##
#P.♣♣..P♣♣.P..#
#♣.♣b...P♣.♣..#
♣P..._....♣..##


You could see a black bear (berserk).

Vanquished Creatures
  2 scorpions
  A howler monkey (D:4)
  2 hounds
  A centaur skeleton (D:4)
  An orc priest (D:4)
  Jessica (D:3)
  An iguana (D:4)
  A howler monkey skeleton (D:4)
  5 adders
  3 worms
  2 dart slugs (D:1)
  5 orcs (D:4)
  5 ball pythons
  7 endoplasms
  3 giant cockroaches
  8 hobgoblins
  2 quokkas (D:4)
  8 bats
  4 frilled lizards
  5 goblins
  4 kobolds
  5 rats
76 creatures vanquished.

Notes
Turn   | Place    | Note
-------+----------+-------------------------------------------
     0 | D:1      | fragbeetle the Palentonga Berserker began the quest for the
                  | Orb.
     0 | D:1      | Reached XP level 1. HP: 19/19 MP: 1/1
   179 | D:1      | Reached XP level 2. HP: 23/25 MP: 2/2
   721 | D:1      | Reached XP level 3. HP: 31/31 MP: 3/3
   883 | D:2      | Found an ancient bone altar of Kikubaaqudgha.
  1257 | D:2      | Found a faded altar of an unknown god.
  1303 | D:2      | Found Jor Loabb's Antique Weapon Emporium.
  1657 | D:3      | Reached ** piety under Trog
  1735 | D:3      | Found a sparkling altar of Nemelex Xobeh.
  1866 | D:3      | Noticed Jessica
  1871 | D:3      | Killed Jessica
  1872 | D:3      | Reached skill level 1 in Maces & Flails
  1872 | D:3      | Reached XP level 4. HP: 37/37 MP: 4/4
  2452 | D:4      | Reached XP level 5. HP: 44/44 MP: 5/5
  2546 | D:4      | Found a hide-covered altar of Uskayaw.
  2547 | D:4      | Found a radiant altar of Vehumet.
  2548 | D:4      | Found a hazy altar of Hepliaklqana.
  2548 | D:4      | Found a broken altar of Ashenzari.
  2810 | D:4      | Reached skill level 4 in Fighting
  3250 | D:4      | Reached XP level 6. HP: 49/51 MP: 6/6
  3511 | D:4      | Found a glowing silver altar of Zin.
  3727 | D:5      | Entered Level 5 of the Dungeon
  3784 | D:5      | Found a white marble altar of Elyvilon.
  3841 | D:5      | Slain by a black bear

Illustrated notes

Levels and vault maps discovered:
D:1:      moated_graveyard_arrival, layout_rooms, minmay_shallow_snake_nest
D:2:      layout_loops_corners, basic_altar,
          hellmonk_ecumenical_altar_arch_garden, serial_shops,
          nicolae_shop_advertising_works [nicolae_subvault_shop_adworks]
D:3:      layout_loops_cross, mainiacjoe_overflow_24_doors,
          minmay_misc_feat_rugged, dk_vineyard_1, minmay_distorted, uniq_jessica
D:4:      layout_loops_ring, lemuel_tele_altar,
          chequers_temple_overflow_statue_of_worship, minivault_1
D:5:      nicolae_cairo_tiling, layout_layer_cave,
          nicolae_elyvilon_peaceful_grove, kennysheep_nub, uniq_duvessa

Skill      XL: |  1  2  3  4  5  6 |
---------------+-------------------+-----
Armour         | 2 3 |  3.3
Dodging        | 2 3 |  3.3
Maces & Flails | 1 2 |  2.9
Fighting       | 4 |  4.5
Axes           | |  3.3

Action                   |  1- 3 |  4- 6 || total
-------------------------+-------+-------++-------
Melee: Mace              |   122 |    62 ||   184
       Hand axe          |     4 |       ||     4
       Tailslap          |    11 |    14 ||    25
       Morningstar       |       |    63 ||    63
 Fire: Hunting sling     |     5 |     4 ||     9
Invok: Berserk           |     2 |     3 ||     5
 Abil: Rolling Charge    |     6 |     1 ||     7
Armor: Animal skin       |     5 |       ||     5
       Leather armour    |    23 |       ||    23
       Ring mail         |    41 |    51 ||    92
       Chain mail        |       |    40 ||    40
Dodge: Dodged            |    70 |    66 ||   136

Table legend: (Time is in decaauts)
 A = Elapsed time spent in this place.
 B = Non-inter-level travel time spent in this place.
 C = Inter-level travel time spent in this place.
 D = Time resting spent in this place.
 E = Time spent auto-exploring this place.
 F = Levels seen in this place.
 G = Mean time per level.
                   A        B        C        D        E       F      G
               +--------+--------+--------+--------+--------+-----+--------+
         Total |   3964 |   3844 |    120 |    677 |   1901 |   5 |  792.8 |
       Dungeon |   3964 |   3844 |    120 |    677 |   1901 |   5 |  792.8 |
               +--------+--------+--------+--------+--------+-----+--------+

Top non-repeatable levels by time:
     D:4: 1329 daAuts
     D:3: 888 daAuts
     D:1: 810 daAuts
     D:2: 808 daAuts
     D:5: 128 daAuts
